 Dungeon Crawl Stone Soup version 0.21.1-1-g345015f (webtiles) character file.

13 tidbits the Grave Robber (level 2, 4/20 HPs)
             Began as a Gnoll Necromancer on June 26, 2018.
             Quit the game on level 2 of the Dungeon.
             The game lasted 00:01:45 (125 turns).

tidbits the Grave Robber (Gnoll Necromancer)         Turns: 125, Time: 00:01:45

Health: 4/20       AC:  2    Str: 10    XL:     2   Next: 37%
Magic:  2/7        EV: 14    Int: 17    God:
Gold:   0          SH:  0    Dex: 15    Spells: 9/10 levels left

rFire    . . .     SeeInvis .   a - +0 dagger
rCold    . . .     Gourm    .   (no shield)
rNeg     . . .     Faith    .   f - +0 robe
rPois    .         Spirit   .   (no helmet)
rElec    .         Reflect  .   (no cloak)
rCorr    .         Harm     .   (no gloves)
MR       +....                  (no boots)
Stlth    +++.......             (no amulet)
HPRegen  0.06/turn              i - ring of protection from magic
MPRegen  0.10/turn              (no ring)

@: no status effects
A: distributed training, fangs 1, strong nose
a: no special abilities


You were on level 2 of the Dungeon.
You were not hungry.

You visited 1 branch of the dungeon, and saw 2 of its levels.

Inventory:

Hand Weapons
 a - a +0 dagger (weapon)
Armour
 f - a +0 robe (worn)
 h - a +0 buckler
Jewellery
 i - a ring of protection from magic (left hand)
   (You found it on level 2 of the Dungeon)
Scrolls
 d - a scroll of magic mapping
 e - a scroll of remove curse {unknown}
 g - a scroll of identify {unknown}
Books
 b - a book of Necromancy

   Spells                             Type                      Level
   a - Pain                           Necromancy                   1
   b - Animate Skeleton               Necromancy                   1
   c - Vampiric Draining              Necromancy                   3
   d - Regeneration                   Charms/Necromancy            3
   e - Animate Dead                   Necromancy                   4
   f - Borgnjor's Vile Clutch         Necromancy/Earth             5
Comestibles
 c - 3 rations


   Skills:
 + Level 0.3 Fighting
 + Level 0.3 Short Blades
 + Level 0.3 Long Blades
 + Level 0.3 Axes
 + Level 0.3 Maces & Flails
 + Level 0.3 Polearms
 + Level 0.3 Staves
 + Level 0.3 Slings
 + Level 0.3 Bows
 + Level 0.3 Crossbows
 + Level 0.3 Throwing
 + Level 0.3 Armour
 + Level 4.4 Dodging
 + Level 4.0 Stealth
 + Level 0.3 Shields
 + Level 0.3 Unarmed Combat
 + Level 4.9 Spellcasting
 + Level 0.2 Conjurations
 + Level 0.2 Hexes
 + Level 0.2 Charms
 + Level 0.2 Summonings
 + Level 7.0 Necromancy
 + Level 0.2 Translocations
 + Level 0.2 Transmutations
 + Level 0.2 Fire Magic
 + Level 0.2 Ice Magic
 + Level 0.2 Air Magic
 + Level 0.2 Earth Magic
 + Level 0.2 Poison Magic
 + Level 0.4 Invocations
 + Level 0.3 Evocations


You had 9 spell levels left.
You knew the following spells:

 Your Spells              Type           Power        Failure   Level  Hunger
a - Pain                  Necr           ####         1%          1    None


Dungeon Overview and Level Annotations

Branches:
Dungeon (2/15)

Altars:

Annotations:
D:2 Natasha


Innate Abilities, Weirdness & Mutations

Your experience applies equally to all skills.
You have very sharp teeth.
Your uncanny sense of smell can sniff out nearby items.


Message History

You completely miss the goblin.
The goblin is severely wounded.
The goblin closely misses you.
Casting: Pain
Confirm with . or Enter, or press ? or * to list all spells.
Aiming: Pain
Press: ? - help, Shift-Dir - straight line, f/p - goblin
Aim: a goblin, wielding a dagger (severely wounded, chance to defeat MR: 93%)
The goblin writhes in agony!
You kill the goblin!
You have reached level 2!
Things that are here:
a dagger; a goblin corpse
f - a dagger Wield which item (- for none, * to show all)? (? for menu, Esc to quit)
f - a +0 dagger (weapon)
Adjust (i)tems, (s)pells, or (a)bilities?
Adjust which item? (? for menu, Esc to quit)
f - a +0 dagger (weapon)
Adjust to which letter? (? for menu, Esc to quit)
a - a +0 dagger (weapon);
f - a +0 robe (worn)
A hobgoblin comes into view. It is wielding a club.
The hobgoblin shouts!
The hobgoblin closely misses you.
You see here a scroll labeled ENTEME HADAFUU.
g - a scroll labeled ENTEME HADAFUU
Casting: Pain
Confirm with . or Enter, or press ? or * to list all spells.
Aiming: Pain
Press: ? - help, Shift-Dir - straight line, f - hobgoblin
Aim: a hobgoblin, wielding a club (chance to defeat MR: 93%)
The hobgoblin writhes in agony!
You kill the hobgoblin!
Things that are here:
a club; a hobgoblin corpse
There is a stone staircase leading down here.
You climb downwards.
There is a stone staircase leading up here.
Unknown command.
A kobold comes into view.
You see here a buckler.
h - a buckler A goblin comes into view. It is wielding a club.
Unknown command.
Found a scroll labeled ASOEBAKLIV and a gilded ring.
Unknown command.
The helpless kobold fails to defend itself.
You impale the kobold!!
You kill the kobold!
The goblin shouts!
Found 7 stones.
A giant cockroach comes into view.
You see here a kobold corpse.
Casting: Pain
Confirm with . or Enter, or press ? or * to list all spells.
Aiming: Pain
Press: ? - help, Shift-Dir - straight line, f - goblin
Aim: a goblin, wielding a club (chance to defeat MR: 93%)
The goblin writhes in agony!
Casting: Pain
Confirm with . or Enter, or press ? or * to list all spells.
Aiming: Pain
Press: ? - help, Shift-Dir - straight line, f/p - goblin
Aim: a goblin, wielding a club (severely wounded, chance to defeat MR: 93%)
The goblin writhes in agony!
You kill the goblin!
Casting: Pain
Confirm with . or Enter, or press ? or * to list all spells.
Aiming: Pain
Press: ? - help, Shift-Dir - straight line, f - giant cockroach
Aim: a giant cockroach (chance to defeat MR: 93%)
The giant cockroach writhes in agony!
You kill the giant cockroach!
Found a scale mail.
Unknown command.
You see here a scroll labeled ASOEBAKLIV.
d - 2 scrolls labeled ASOEBAKLIV (gained 1)
Found a stone staircase leading down.
Found 6 gold pieces.
Found a stone staircase leading down.
You see here a gilded ring.
i - a gilded ring Put on which piece of jewellery? (? for menu, Esc to quit)
i - a ring of protection from magic (left hand)
You see here 7 stones.
A giant cockroach comes into view.
A kobold comes into view. It is wielding a dagger.
Found a scroll labeled OXUUSM BATHOU.
Natasha, Servant of Life and Death comes into view.
There is a stone staircase leading down here.
Natasha hisses angrily.
The kobold shouts!
Natasha mumbles some strange words.
Natasha's front paws start to glow.
The kobold throws a stone.
The stone hits you but does no damage.
You see here a stone.
As you read the scroll labeled ASOEBAKLIV, it crumbles to dust.
You feel aware of your surroundings.
You sensed 2 altars.
It was a scroll of magic mapping.
The kobold throws a stone.
The stone misses you.
Are you sure you want to abandon this character and quit the game? (Confirm with "yes".)

#.......?..,,,*
#..........,,,*
#############.......K...,,*
........................,,*
###†.)..#.......>...#...,,****
###.......##...........,,,,,,*
..........(.........#*,*****,*
......#...#...>...h.##..****,*
##.#.#.........#@.......,,,,,*
#.#...........($##.....,**,,*
#.##............#**....***,,*
*#.*#......[......#**,.#**,,,*
*,,*##............s#*****,,,**
,,** ##...#....#....* *,,,,*
*** **#.######.#....# *,,,,*
*****,..# *#.#...#*****,,,*
,*,,,,,******,,,,,***,,***,,*


You could see Natasha and a kobold.

Vanquished Creatures
  A dart slug (D:1)
  2 giant cockroaches (D:2)
  3 goblins
  A hobgoblin (D:1)
  A kobold (D:2)
  A rat (D:2)
9 creatures vanquished.

Notes
Turn   | Place    | Note
-------+----------+-------------------------------------------
     0 | D:1      | tidbits the Gnoll Necromancer began the quest for the Orb.
     0 | D:1      | Reached XP level 1. HP: 13/13 MP: 6/6
    65 | D:1      | Reached XP level 2. HP: 5/19 MP: 0/7
   121 | D:2      | Noticed Natasha
   125 | D:2      | Quit the game

Action                   || total
-------------------------++-------
Melee: Unarmed           ||     4
       Dagger            ||     1
 Cast: Pain              ||    13
  Use: Scroll            ||     1
 Stab: Sleeping          ||     2
Armor: Robe              ||     1
Dodge: Dodged            ||     4

Table legend:
 A = Turns spent in this place as a percentage of turns spent in the entire game.
 B = Non-inter-level travel turns spent in this place as a percentage of non-inter-level travel turns spent in the entire game.
 C = Inter-level travel turns spent in this place as a percentage of turns spent in this place.
 D = Turns resting spent in this place as a percentage of non-inter-level travel turns spent in this place.
 E = Turns spent auto-exploring this place as a percentage of non-inter-level travel turns spent in this place.
 F = Non-inter-level travel turns spent in this place divided by the number of levels of this place that you've seen.
                   A       B       C       D       E      F
               +-------+-------+-------+-------+-------+----------------------
         Total | 100.0 | 100.0 |   0.0 |   0.0 |   0.0 |  62.5
       Dungeon | 100.0 | 100.0 |   0.0 |   0.0 |   0.0 |  62.5
               +-------+-------+-------+-------+-------+----------------------

Table legend:
 A = Kills in this place as a percentage of kills in entire the game.
 B = Kills by you in this place as a percentage of kills by you in the entire game.
 C = Kills by friends in this place as a percentage of kills by friends in the entire game.
 D = Other kills in this place as a percentage of other kills in the entire game.
 E = Experience gained in this place as a percentage of experience gained in the entire game.
 F = Experience gained in this place divided by the number of levels of this place that you have seen.
                   A       B       C       D       E      F
               +-------+-------+-------+-------+-------+----------------------
         Total | 100.0 | 100.0 |   N/A |   N/A | 100.0 |   9.5
       Dungeon | 100.0 | 100.0 |   N/A |   N/A | 100.0 |   9.5
               +-------+-------+-------+-------+-------+----------------------

Vault maps used:
D:1:      lightli_arrival_chessboard, patterned_corridor
D:2:      tso_altar, xom_teletrap_fun, minivault_19, uniq_terence, uniq_natasha
